 Dungeon Crawl Stone Soup version 0.30-a0-305-g026cb31310 (webtiles) character file.

Game seed: 2063230004408597184

61668 billz999 the Black Sun (level 14, -9/113 HPs)
             Began as a Vampire Earth Elementalist on Oct 21, 2022.
             Was a High Priest of Kikubaaqudgha.
             Constricted to death by Jorgrun (11 damage)
             ... on level 2 of the Swamp.
             The game lasted 01:17:08 (24520 turns).

billz999 the Black Sun (VpEE)                      Turns: 24520, Time: 01:17:09

Health: -9/113     AC:  8    Str:  7    XL:     14   Next: 61%
Magic:  3/24       EV: 21    Int: 23    God:    Kikubaaqudgha [*****.]
Gold:   1202       SH:  7    Dex: 14    Spells: 2/26 levels left

rFire   . . .      SeeInvis +    a - +4 dagger (venom)
rCold   + + .      Faith    .    J - +2 buckler
rNeg    . . .      Spirit   .    n - +2 robe {rC+}
rPois   .          Reflect  .    M - +0 helmet
rElec   .          Harm     .    g - +0 cloak
rCorr   .          Rampage  .    m - +0 pair of gloves
Will    +....                    I - +0 pair of boots
Stlth   ++++......               (no amulet)
HPRegen 0.58/turn                i - +4 ring of evasion
MPRegen 0.19/turn                y - +4 ring of evasion

@: death channelling, grasped by roots, healing quickly, constricted
A: alive, fangs 3, see invisible, vampiric 2, talons 1, cold resistance 1
a: Exsanguinate, Renounce Religion, Unearth Wretches, Torment


You were on level 2 of the Swamp.
You worshipped Kikubaaqudgha.
Kikubaaqudgha was extremely pleased with you.
You visited 4 branches of the dungeon, and saw 23 of its levels.

You collected 1265 gold pieces.
You spent 33 gold pieces at shops.
You paid 30 gold pieces to Gozag.

Inventory:

Hand Weapons
 a - a +4 dagger of venom (weapon)
 v - a +4 whip
Missiles
 K - 2 throwing nets
Armour
 g - a +0 cloak (worn)
 j - the +6 scale mail of Starshine {SInv Stlth+}
   (You found it on level 7 of the Dungeon)

   SInv:      It lets you see invisible.
   Stlth:     It makes you more stealthy.
 m - a +0 pair of gloves (worn)
 n - a +2 robe of cold resistance (worn)
 I - a +0 pair of boots (worn)
 J - a +2 buckler (worn)
 M - a +0 helmet (worn)
Magical Staves
 b - a staff of death
Jewellery
 d - a +4 ring of slaying
 h - a ring of protection from cold
 i - a +4 ring of evasion (left hand)
 y - a +4 ring of evasion (right hand)
 E - a ring of protection from fire
 X - a ring of fire
Wands
 l - a wand of iceblast (3)
 L - a wand of paralysis (12)
 P - a wand of polymorph (18)
 V - a wand of digging (3)
Scrolls
 k - 2 scrolls of vulnerability
 t - 2 scrolls of poison
 x - 2 scrolls of magic mapping
 z - 5 scrolls of immolation
 A - 2 scrolls of amnesia
 B - 7 scrolls of enchant armour
 C - a scroll of butterflies
 O - 3 scrolls of identify
 Q - 2 scrolls of silence
 R - a scroll of enchant weapon
 U - 2 scrolls of torment
 Y - 2 scrolls of fear
Potions
 c - 6 potions of brilliance
 e - a potion of curing
 f - 6 potions of mutation
 o - 2 potions of attraction
 s - 7 potions of flight
 w - 2 potions of haste {unknown}
 D - a potion of resistance {unknown}
 F - 4 potions of degeneration
 G - a potion of experience {unknown}
 H - 3 potions of might
 N - 5 potions of lignification
 W - a potion of berserk rage {unknown}
Miscellaneous
 S - a phial of floods


   Skills:
 - Level 11.2 Fighting
 - Level 5.3 Short Blades
 - Level 10.0 Dodging
 - Level 8.7 Stealth
 - Level 4.0 Shields
 - Level 6.7 Spellcasting
 + Level 10.9 Hexes
 - Level 14.0 Necromancy
 - Level 10.0 Transmutations
 - Level 7.6 Earth Magic


You had 2 spell levels left.
You knew the following spells:

 Your Spells              Type           Power      Damage    Failure   Level
a - Sandblast             Erth           86%        2d18      1%          1
b - Petrify               Tmut/Erth      48%        N/A       2%          4
c - Borgnjor's Vile Clut  Necr/Erth      27%        N/A       3%          5
d - Death Channel         Necr           32%        N/A       4%          6
e - Discord               Hex            27%        N/A       100%        8

Your spell library contained the following spells:

 Spells                   Type           Power      Damage    Failure   Level
 Beastly Appendage        Tmut           100%       N/A       1%          1
 Necrotise                Necr           100%       1d9       1%          1
 Passwall                 Tmut/Erth      40%        N/A       1%          2
 Sublimation of Blood     Necr           64%        N/A       1%          2
 Wereblood                Tmut           52%        N/A       1%          2
 Cigotuvi's Dreadful Rot  Necr/Pois/Air  58%        N/A       2%          2
 Poisonous Vapours        Pois/Air       14%        N/A       16%         2
 Static Discharge         Conj/Air       14%        2-3/arc   16%         2
 Vampiric Draining        Necr           64%        2d10      1%          3
 Anguish                  Hex/Necr       30%        N/A       1%          4
 Cause Fear               Hex            27%        N/A       1%          4
 Dispel Undead            Necr           64%        3d22      1%          4
 Agony                    Necr           64%        N/A       1%          5
 Inner Flame              Hex/Fire       32%        N/A       3%          3
 Spider Form              Tmut/Pois      30%        N/A       3%          3
 Stone Arrow              Conj/Erth      50%        3d10      6%          3
 Ignite Poison            Fire/Tmut/Pois 23%        N/A       8%          3
 Gell's Gravitas          Tloc           7%         N/A       30%         3
 Kindle Blastsparks       Fire/Tloc/Air  14%        2d11      30%         3
 Lesser Beckoning         Tloc           14%        N/A       30%         3
 Mephitic Cloud           Conj/Pois/Air  7%         N/A       30%         3
 Teleport Other           Tloc           7%         N/A       30%         3
 Vhi's Electric Charge    Tloc/Air       14%        N/A       30%         3
 Simulacrum               Ice/Necr       19%        N/A       65%         6
 Flame Wave               Conj/Fire      7%         2d5       69%         4
 Sticky Flame             Conj/Fire      7%         2d3       69%         4
 Arcjolt                  Conj/Air       3%         1d13      95%         5
 Freezing Cloud           Conj/Ice/Air   3%         6-21      95%         5
 Lightning Bolt           Conj/Air       3%         1d15      95%         5
 Conjure Ball Lightning   Conj/Air       3%         3x3d6     100%        6
 Disjunction              Tloc           3%         N/A       100%        8


Dungeon Overview and Level Annotations

Branches:
Dungeon (14/15)            Temple (1/1) D:4            Lair (5/5) D:10
  Swamp (3/4) Lair:3        Snake (0/4) Lair:3          Orc (0/2) D:9
 Vaults (0/5) D:13
  Slime: Lair:4-5

Altars:
Ashenzari
Cheibriados
Dithmenos
Fedhas
Gozag
Hepliaklqana
Kikubaaqudgha
Makhleb
Nemelex Xobeh
Okawaru
Qazlal
Ru
Sif Muna
Trog
Uskayaw
Vehumet
Wu Jian
Xom
Yredelemnul

Shops:
D:6 [   D:12 *

Annotations:
Lair:3 3 runed translucent doors, lunkers's ghost, journeyman MeFi
Swamp:2 1 runed translucent door, Jorgrun; bakla's ghost, adept AtFi


Innate Abilities, Weirdness & Mutations

Your natural rate of healing is accelerated.
You have razor-sharp teeth.
You have supernaturally acute eyesight. (SInv)
You are afflicted with vampirism and can become a bat while bloodless.
You have sharp toenails.
Your flesh is cold resistant. (rC+)


Message History

Aiming: Borgnjor's Vile Clutch (dangerous; 3% risk of failure)
Press: ? - help, Shift-Dir - straight line, f/p - Jorgrun
Aim: Jorgrun, wielding a +0 vorpal quarterstaff and wearing a +2 robe of cold resistance (heavily wounded, 100% to hit)
Zombie hands grab Jorgrun.
The zombie hands constrict Jorgrun.
Jorgrun says, "May tha earth consume ye!"
Jorgrun casts a spell at you.
Roots burst forth from the earth!
The grasping roots grab you! The grasping roots constrict you!
The zombie hands constrict Jorgrun!
Jorgrun mutters some incantations to himself.
Jorgrun struggles to escape constriction.
The grasping roots constrict you!
The zombie hands constrict Jorgrun!
Jorgrun struggles to escape constriction.
The grasping roots constrict you!
The zombie hands constrict Jorgrun!
Jorgrun struggles to escape constriction.
The grasping roots constrict you!
The zombie hands constrict Jorgrun!
The zombie hands release their grip on Jorgrun.
Jorgrun gestures at you while chanting. You resist with significant effort.
The grasping roots constrict you!
Casting: Borgnjor's Vile Clutch (dangerous; 3% risk of failure)
Confirm with . or Enter, or press ? or * to list all spells.
You don't have enough magic to cast this spell.
Unknown command.
Aiming: Iceblast
Press: ? - help, Shift-Dir - straight line, f/p - Jorgrun
Aim: Jorgrun, wielding a +0 vorpal quarterstaff and wearing a +2 robe of cold resistance (almost dead)
The mass of ice explodes!
The iceblast engulfs Jorgrun.
Jorgrun partially resists.
Jorgrun is almost dead.
Jorgrun casts a spell at you. The iron shot hits you!!!
* * * LOW HITPOINT WARNING * * *
The grasping roots constrict you!
You die...
Kikubaaqudgha rasps: "You have failed me!
Welcome... death!"

♣.~.......~.~..~...~♣
♣.♣.~..~§.~..~..~~~♣
♣♣.♣.♣~....##...~..~ ♣♣
♣♣♣♣♣♣....~....~##....~.. ♣♣~♣♣
♣~.~♣~.~...§....##.~~.~~~
♣.~~♣♣♣.~~♣♣.~.~.......#^.(..~.
♣.~....~~~♣...~♣.......#§..♣.♣.
♣♣♣♣♣♣.~~~.~♣~.~♣~.~..........♣..
~..~♣♣.§~~~....~@~..g.#.......)f.
.~~.♣♣.~~~~~~~~.........$.##....~
~~~♣♣♣..~~~~~♣♣.♣♣♣.....#.....♣g~
...♣~~~.~~~.♣♣♣♣♣♣......##.v.♣♣<)
~~..~~..~....♣.~~.......#.v.~♣♣..
~~~~~~.~~~....~~~~§~~~~....♣♣♣♣♣~
§~~......♣♣♣~.~~~~.~~~~~.#~♣ ♣.
...~♣.♣♣.♣♣♣♣.~~~~.~§).....♣♣ ♣♣.
)~..~~.~♣~♣♣~~~~~..~~~.~~#.~♣ ♣~P


You could see Jorgrun.

Vanquished Creatures
  A fenstrider witch (Swamp:2)
  Nessos (D:13)
  4 bunyips (Swamp:2)
  2 hydras
  A spriggan air mage (Swamp:2)
  7 vault guards (D:13)
  A centaur warrior (D:13)
  4 alligators
  Erica (D:11)
  2 boulder beetles
  2 two-headed ogres
  2 goliath frogs (Swamp:1)
  2 bog bodies
  2 spriggan druids (Swamp:2)
  A swamp dragon (Swamp:2)
  2 deep elf pyromancers
  Pikel (D:8)
  An ugly thing (D:11)
  A cyclops (D:13)
  A will-o-the-wisp (Swamp:2)
  A manticore (D:12)
  Joseph (D:8)
  Maurice (D:8)
  6 elephants (Lair:3)
  4 black mambas
  A gargoyle (D:12)
  3 unseen horrors
  8 cane toads
  5 komodo dragons
  3 kobold demonologists
  2 tengu conjurers (D:13)
  A polar bear (Lair:3)
  2 trolls (D:12)
  3 hornets (Swamp:2)
  2 bloated husks
  5 tyrant leeches
  6 blink frogs
  5 slime creatures (D:12)
  A vampire (D:12)
  38 yaks
  5 basilisks
  A shadow (D:9)
  3 spriggans (Swamp:2)
  A wraith (D:13)
  3 wyverns
  3 vampire mosquitoes
  4 swamp worms
  4 nagas (Lair:3)
  An acid dragon (D:11)
  10 water moccasins
  An ice beast (D:7)
  3 orc warriors
  2 black bears
  6 centaurs
  15 wolves
  A phantom (D:6)
  5 kobold brigands
  A gnoll sergeant (D:6)
  6 bullfrogs
  A necrophage (D:6)
  2 scorpions
  18 wights
  4 killer bees
  5 howler monkeys
  7 orc priests
  A hound (D:7)
  2 iguanas (D:6)
  9 orc wizards
  A mummy (D:6)
  9 gnolls
  10 adders
  A white imp (D:6)
  An ufetubus (D:6)
  4 worms
  4 dart slugs
  20 orcs
  4 ball pythons
  2 bats
  8 endoplasms
  3 giant cockroaches
  2 goblins
  14 hobgoblins
  2 jackals (D:4)
  28 kobolds
  4 quokkas (D:2)
  3 frilled lizards
  2 hobgoblin zombies (D:6)
  A kobold zombie (D:6)
  An orc zombie (D:6)
  4 rats
389 creatures vanquished.

Vanquished Creatures (collateral kills)
  A thorn hunter (Swamp:2)
  A fenstrider witch (Swamp:2)
  An eleionoma (Swamp:2)
  A bunyip (Swamp:2)
  A hydra (Swamp:2)
  An alligator (Swamp:1)
  A spriggan berserker (Swamp:2)
  A swamp dragon (Swamp:2)
  A black mamba (Lair:1)
  A rime drake (Lair:4)
  A polar bear (Lair:4)
  A hornet (Swamp:2)
  3 blink frogs
  A spriggan (Swamp:2)
  8 yaks
  A vampire mosquito (Swamp:2)
  8 wolves
  A bullfrog (Lair:4)
  A gnoll sergeant (D:12)
  An electric eel (Lair:1)
  3 orcs
  2 briar patches (Swamp:2)
41 creatures vanquished.

Vanquished Creatures (others)
  A shambling mangrove (Swamp:2)
  2 bloated husks
  A briar patch (Swamp:2)
  8 foxfires (Swamp:2)
  8 fungi
  18 plants
38 creatures vanquished.

Grand Total: 468 creatures vanquished

Notes
Turn   | Place    | Note
-------+----------+-------------------------------------------
     0 | D:1      | billz999 the Vampire Earth Elementalist began the quest for
                  | the Orb.
     0 | D:1      | Reached XP level 1. HP: 13/13 MP: 3/3
   174 | D:1      | Reached XP level 2. HP: 19/19 MP: 3/5
  1014 | D:2      | Gained mutation: Your flesh is cold resistant. (rC+)
                  | [potion of mutation]
  1014 | D:2      | Gained mutation: You have sharp toenails. [potion of
                  | mutation]
  1145 | D:2      | Gained mutation: You are afflicted with vampirism and can
                  | become a bat while bloodless. [Vampire growth]
  1145 | D:2      | Reached XP level 3. HP: 24/24 MP: 4/6
  1169 | D:2      | Reached skill level 5 in Stealth
  1346 | D:2      | Found an opulent altar of Gozag.
  1357 | D:2      | Became a worshipper of Gozag Ym Sagoz the Greedy
  1625 | D:2      | Reached XP level 4. HP: 30/30 MP: 4/7
  2517 | D:3      | Learned a level 4 spell: Petrify
  2655 | D:3      | Found a hide-covered altar of Uskayaw.
  3856 | D:4      | Reached XP level 5. HP: 35/35 MP: 4/8
  4185 | D:4      | Found a staircase to the Ecumenical Temple.
  4610 | Temple   | Entered the Ecumenical Temple
  4811 | Temple   | Fell from the grace of Gozag
  4811 | Temple   | Became a worshipper of Kikubaaqudgha
  4893 | D:5      | Entered Level 5 of the Dungeon
  5392 | D:5      | Noticed an ice beast
  5552 | D:6      | Reached XP level 6. HP: 33/41 MP: 1/9
  6036 | D:6      | Was forgiven by Gozag
  6036 | D:6      | Reached skill level 5 in Transmutations
  6042 | D:6      | Noticed a water moccasin
  6051 | D:6      | Killed a water moccasin
  6052 | D:6      | Reached XP level 7. HP: 42/46 MP: 0/11
  6249 | D:6      | Found Mix Ilem's Armour Shop.
  7204 | D:7      | Identified the +6 scale mail of Starshine {SInv Stlth+}
  7299 | D:7      | Reached XP level 8. HP: 48/52 MP: 11/13
  7339 | D:7      | Reached * piety under Kikubaaqudgha
  7339 | D:7      | Received a gift from Kikubaaqudgha
  7410 | D:7      | Reached skill level 5 in Earth Magic
  7632 | D:7      | Found a snail-covered altar of Cheibriados.
  7913 | D:8      | Noticed Joseph
  7935 | D:8      | Killed Joseph
  8109 | D:8      | Noticed Maurice
  8120 | D:8      | Killed Maurice
  8121 | D:8      | Reached skill level 5 in Spellcasting
  8121 | D:8      | Reached XP level 9. HP: 48/57 MP: 3/16
  8134 | D:8      | Noticed Pikel
  8437 | D:8      | Killed Pikel
  8573 | D:8      | Reached skill level 10 in Transmutations
  9542 | D:9      | Reached skill level 1 in Shields
  9546 | D:9      | Reached ** piety under Kikubaaqudgha
  9642 | D:9      | Found a staircase to the Orcish Mines.
  9705 | D:9      | Reached XP level 10. HP: 48/63 MP: 8/20
 10345 | D:9      | Noticed a two-headed ogre
 10357 | D:9      | Killed a two-headed ogre
 10510 | D:10     | Entered Level 10 of the Dungeon
 10595 | D:10     | Found a staircase to the Lair.
 10615 | D:10     | Reached skill level 5 in Short Blades
 10846 | Lair:1   | Entered Level 1 of the Lair of Beasts
 10868 | Lair:1   | Noticed a black mamba
 10881 | Lair:1   | Reached skill level 1 in Necromancy
 10882 | Lair:1   | Reached skill level 2 in Necromancy
 10889 | Lair:1   | Reached skill level 3 in Necromancy
 10890 | Lair:1   | Reached skill level 4 in Necromancy
 10893 | Lair:1   | Reached skill level 5 in Necromancy
 10897 | Lair:1   | Killed a black mamba
 10901 | Lair:1   | Reached skill level 6 in Necromancy
 10905 | Lair:1   | Reached skill level 7 in Necromancy
 10909 | Lair:1   | Reached XP level 11. HP: 24/68 MP: 21/21
 10936 | D:10     | Reached *** piety under Kikubaaqudgha
 10936 | D:10     | Received a gift from Kikubaaqudgha
 10943 | D:10     | Learned a level 5 spell: Borgnjor's Vile Clutch
 10950 | D:10     | Learned a level 6 spell: Death Channel
 11075 | Lair:1   | Reached skill level 8 in Necromancy
 11285 | Lair:1   | Reached skill level 9 in Necromancy
 11916 | Lair:2   | Noticed a six-headed hydra
 11927 | Lair:2   | Killed a six-headed hydra
 11928 | Lair:2   | Reached skill level 10 in Necromancy
 12104 | Lair:2   | Reached skill level 11 in Necromancy
 12421 | Lair:2   | Reached skill level 12 in Necromancy
 12631 | Lair:2   | Reached skill level 13 in Necromancy
 12635 | Lair:2   | Reached XP level 12. HP: 74/74 MP: 2/22
 13645 | Lair:3   | Reached **** piety under Kikubaaqudgha
 13838 | Lair:3   | Found a staircase to the Snake Pit.
 13857 | Lair:3   | Noticed a boulder beetle
 13873 | Lair:3   | Killed a boulder beetle
 13874 | Lair:3   | Reached skill level 14 in Necromancy
 13891 | Lair:3   | Found a runed translucent gate.
 13892 | Lair:3   | Found a runed translucent gate.
 13892 | Lair:3   | Noticed lunkers's ghost (journeyman MeFi)
 13893 | Lair:3   | Found a runed translucent gate.
 13901 | Lair:3   | Reached skill level 5 in Dodging
 14652 | Lair:3   | Found a staircase to the Swamp.
 15641 | Lair:4   | Reached skill level 10 in Dodging
 15694 | Lair:4   | Reached skill level 1 in Fighting
 16457 | Lair:5   | Entered Level 5 of the Lair of Beasts
 16457 | Lair:5   | Noticed a six-headed hydra
 16503 | Lair:5   | Noticed a four-headed hydra
 16682 | D:10     | Reached XP level 13. HP: 86/86 MP: 19/23
 17221 | D:11     | Noticed Erica
 17544 | D:11     | Killed Erica
 18096 | D:12     | Reached skill level 5 in Fighting
 18325 | D:12     | Found Okhlide's General Store.
 18328 | D:12     | Reached ***** piety under Kikubaaqudgha
 18470 | D:12     | Bought a scroll of teleportation for 33 gold pieces
 19406 | D:13     | Noticed Nessos
 19414 | D:13     | Killed Nessos
 19547 | D:13     | Found a gate to the Vaults.
 21218 | Lair:4   | Reached skill level 10 in Fighting
 21310 | Swamp:1  | Entered Level 1 of the Swamp
 21806 | Swamp:1  | Reached XP level 14. HP: 100/111 MP: 20/24
 22673 | Swamp:2  | Found a runed translucent door.
 22675 | Swamp:2  | Noticed bakla's ghost (adept AtFi)
 22677 | Swamp:2  | Identified the +9 spear of Megalomania {freeze, *Noise rF+
                  | rN+}
 22685 | Swamp:2  | Noticed a fenstrider witch
 22724 | Swamp:2  | Noticed Jorgrun
 23162 | Swamp:2  | Learned a level 8 spell: Discord
 23217 | Swamp:2  | Reached skill level 1 in Hexes
 23665 | Swamp:2  | Reached skill level 5 in Hexes
 23669 | Swamp:2  | Noticed a thorn hunter
 23680 | Swamp:2  | Killed a thorn hunter
 23689 | Swamp:2  | Noticed a fenstrider witch
 23704 | Swamp:2  | Killed a fenstrider witch
 23722 | Swamp:2  | Noticed a fenstrider witch
 23734 | Swamp:2  | Killed a fenstrider witch
 23737 | Swamp:2  | HP: 1/113 [spriggan air mage/the air (11)]
 23788 | Swamp:2  | Reached skill level 10 in Hexes
 24242 | Swamp:2  | Noticed a thorn hunter
 24520 | Swamp:2  | HP: 2/113 [Jorgrun/iron shot (45)]
 24520 | Swamp:2  | Constricted to death by Jorgrun

Illustrated notes

Levels and vault maps discovered:
D:1:      giann_wishing_wells, layout_basic, minmay_crystal_room
D:2:      kb_forest_paths, layout_loops_ring, basic_altar
D:3:      layout_basic, nicolae_uskayaw_murder_on_the_dancefloor
D:4:      nicolae_cairo_tiling_large_dashed, layout_basic,
          minmay_temple_entry_butterflies
D:5:      layout_cave_pods
D:6:      layout_basic, serial_shops, nicolae_shop_crystal,
          hangedman_abyss_or_decor_slice, minmay_mini_ossuary
D:7:      layout_gridville, cheibrodos_worm_habitat
D:8:      statuecave_lemuel, layout_cave_pools, uniq_maurice, uniq_joseph,
          uniq_pikel
D:9:      layout_basic, minmay_orc_entry_temple_small
D:10:     layout_rooms, david_lair_generic
D:11:     layout_basic, uniq_erica
D:12:     layout_cave_pools, serial_shops, shop, hellmonk_bongcloud_opening,
          minmay_misc_feat_ornament
D:13:     layout_basic, erik_vaults_2, uniq_nessos
D:14:     layout_basic, lemuel_old_faithful
Temple:   nicolae_temple_slightly_damp_pantheon
Lair:1:   layout_cave_shapes, grunt_megastairs_2, infiniplex_staircase_pool
Lair:2:   layout_roguey, st_stairs_11
Lair:3:   layout_chaotic_city, swamp_mist, minmay_snake_entry_guardpost_small,
          gammafunk_ghost_split, grunt_megastairs_5
Lair:4:   layout_cave_pods
Lair:5:   cheibrodos_lair_end_hotspot, layout_long_grid, slime_entry_1,
          evilmike_ambush [evilmike_ambush_outer_basic,
          evilmike_ambush_inner_basic], uniq_josephine
Swamp:1:  layout_basic_swamp, evilmike_swamp_ruin_rubble_1
Swamp:2:  nzn_winding_woodlands_small [nzn_winding_woodlands_5x15_eye,
          nzn_winding_woodlands_center_pierced_h,
          nzn_winding_woodlands_5x15_cabin], layout_basic_swamp,
          ebering_ghost_funeral_grove, evilmike_swamp_ruin_wall, uniq_jorgrun
Swamp:3:  layout_basic_swamp, hangedman_swamp_ruin_wall, swamp_pool4,
          infiniplex_staircase_pool_2

Skill      XL: |  1  2  3  4  5  6  7  8  9 10 11 12 13 14 |
---------------+-------------------------------------------+-----
Stealth        | 4 5 6 7 8 |  8.7
Transmutations | 2 3 4 5 6 8 10 | 10.0
Spellcasting   | 3 5 6 |  6.7
Earth Magic    | 4 6 7 |  7.6
Shields        | 2 4 |  4.0
Short Blades   | 5 |  5.3
Necromancy     | 7 13 14 | 14.0
Dodging        | 10 | 10.0
Fighting       | 3 10 11 | 11.2
Hexes          | 10 | 10.9

Action                   |  1- 3 |  4- 6 |  7- 9 | 10-12 | 13-15 || total
-------------------------+-------+-------+-------+-------+-------++-------
Melee: Unarmed           |    14 |       |       |       |       ||    14
       Bite              |     2 |     4 |    17 |    32 |    45 ||   100
       Dagger            |       |     7 |   115 |   155 |   166 ||   443
       Kick              |       |     5 |       |       |       ||     5
       Whip              |       |    23 |       |       |       ||    23
       Punch             |       |     2 |     2 |       |       ||     4
       Staff             |       |       |       |    14 |     9 ||    23
 Cast: Sandblast         |    55 |   123 |    68 |   103 |   103 ||   452
       Petrify           |       |       |    37 |    53 |    57 ||   147
       Borgnjor's Vile C |       |       |       |    38 |    66 ||   104
       Death Channel     |       |       |       |    10 |    24 ||    34
Evoke: Wand              |       |     3 |     9 |    22 |    13 ||    47
       Phial of floods   |       |       |       |     2 |       ||     2
  Use: Potion            |     1 |     2 |     3 |     8 |    10 ||    24
       Scroll            |       |     4 |    14 |     3 |    11 ||    32
 Stab: Sleeping          |       |     3 |     2 |     3 |     3 ||    11
       Invisible         |       |     1 |     3 |       |     1 ||     5
       Petrified         |       |       |    38 |    54 |    65 ||   157
       Petrifying        |       |       |     5 |    10 |     2 ||    17
       Paralysed         |       |       |       |     4 |       ||     4
       Distracted        |       |       |       |       |     1 ||     1
Armor: Robe              |     3 |    11 |    23 |    42 |    25 ||   104
Dodge: Dodged            |    22 |    82 |   147 |   248 |   248 ||   747
Block: Buckler           |       |       |     2 |    56 |    82 ||   140

Table legend: (Time is in decaauts)
 A = Elapsed time spent in this place.
 B = Non-inter-level travel time spent in this place.
 C = Inter-level travel time spent in this place.
 D = Time resting spent in this place.
 E = Time spent auto-exploring this place.
 F = Levels seen in this place.
 G = Mean time per level.
                   A        B        C        D        E       F      G
               +--------+--------+--------+--------+--------+-----+--------+
         Total |  24793 |  23433 |   1360 |   3251 |  16718 |  23 | 1078.0 |
       Dungeon |  15399 |  14664 |    735 |   1186 |  11421 |  14 | 1099.9 |
        Temple |    257 |    167 |     90 |      0 |    145 |   1 |  257.0 |
          Lair |   6034 |   5592 |    442 |    534 |   4278 |   5 | 1206.8 |
         Swamp |   3101 |   3008 |     93 |   1531 |    874 |   3 | 1033.7 |
               +--------+--------+--------+--------+--------+-----+--------+

Top non-repeatable levels by time:
 Swamp:1: 1977 daAuts
  Lair:3: 1722 daAuts
  Lair:4: 1709 daAuts
    D:12: 1684 daAuts
    D:13: 1511 daAuts
     D:6: 1487 daAuts
  Lair:2: 1453 daAuts
     D:2: 1426 daAuts
     D:7: 1362 daAuts
     D:9: 1340 daAuts
     D:4: 1244 daAuts
     D:8: 1150 daAuts
  Lair:1: 1140 daAuts
 Swamp:2: 1116 daAuts
     D:3: 1027 daAuts
